 Dungeon Crawl Stone Soup version 0.29.1-4-g47bece8355 (webtiles) character file.

Game seed: 4672655881839521471

49 ChadusMaximus the Caller (level 3, 0/19 HPs)
             Began as a Deep Elf Summoner on Dec 4, 2022.
             Succumbed to an adder's poison
             ... on level 2 of the Dungeon.
             The game lasted 00:02:13 (1689 turns).

ChadusMaximus the Caller (Deep Elf Summoner)        Turns: 1689, Time: 00:02:14

Health: 0/19       AC:  2    Str:  5    XL:     3   Next: 53%
Magic:  10/10      EV: 12    Int: 21    God:
Gold:   85         SH:  0    Dex: 15    Spells: 5/9 levels left

rFire   . . .      SeeInvis .   (no weapon)
rCold   . . .      Faith    .   (no shield)
rNeg    . . .      Spirit   .   a - +0 robe
rPois   .          Reflect  .   (no helmet)
rElec   .          Harm     .   (no cloak)
rCorr   .          Rampage  .   (no gloves)
Will    .....                   (no boots)
Stlth   ++........              (no amulet)
HPRegen 0.06/turn               (no ring)
MPRegen 0.12/turn               (no ring)

@: lethally poisoned (0 -> -2), attractive
A: no striking features
a: no special abilities


You were on level 2 of the Dungeon.
You visited 1 branch of the dungeon, and saw 2 of its levels.

You collected 85 gold pieces.

Inventory:

Armour
 a - a +0 robe (worn)
Scrolls
 e - a scroll of enchant armour {unknown}
 g - a scroll of blinking {unknown}
 j - a scroll of poison {unknown}
 k - a scroll of silence {unknown}
Potions
 b - a potion of magic
 d - a potion of flight
 h - a potion of haste {unknown}
 i - a potion of heal wounds {unknown}


   Skills:
 - Level 2.4 Dodging
 - Level 2.4 Stealth
 + Level 3.9 Spellcasting
 * Level 5.4 Summonings


You had 5 spell levels left.
You knew the following spells:

 Your Spells              Type           Power      Damage    Failure   Level
a - Summon Small Mammal   Summ           100%       N/A       1%          1
b - Call Canine Familiar  Summ           27%        N/A       3%          3

Your spell library contained the following spells:

 Spells                   Type           Power      Damage    Failure   Level
 Call Imp                 Summ           27%        N/A       1%          2
 Summon Guardian Golem    Hex/Summ       15%        N/A       12%         3
 Summon Lightning Spire   Summ/Air       15%        N/A       36%         4


Dungeon Overview and Level Annotations

Branches:
Dungeon (2/15)

Altars:


Message History

There are monsters nearby!
There are monsters nearby!
You miss the adder. The adder closely misses you.
Your hound closely misses the adder.
The adder bites you.
You are poisoned.
The adder poisons you!
Your hound bites the adder.
You closely miss the adder.
The adder is heavily wounded.
You feel sick.
Your hound barely misses the adder.
The adder closely misses you.
You hit the adder but do no damage.
The adder is heavily wounded.
You feel sick.
Your hound bites the adder but does no damage.
The adder bites you.
You are more poisoned.
The adder poisons you!
Your hound bites the adder.
You feel sick.
Your hound misses the adder. The gnoll closely misses you. The adder bites you.
* * * LOW HITPOINT WARNING * * *
* * * LOW HITPOINT WARNING * * *
You feel sick.
Your hound bites the adder.
The adder dies!
The gnoll hits your hound with a +0 spear.
Your hound bites the gnoll.
* * * LOW HITPOINT WARNING * * *
You feel sick.
It was a potion of flight.
You feel very buoyant.
You fly up into the air.
* * * LOW HITPOINT WARNING * * *
You feel sick.
It was a potion of attraction.
You feel attractive to monsters.
* * * LOW HITPOINT WARNING * * *
You feel sick.
It was a potion of cancellation.
Your magical effects are unravelling.
You feel magically purged.
You float gracefully downwards.
You die...

##).#.#...
######..................
.....†....##..#.........
#####.....##............
... #.^...##............
#.##..#..##....<.......
#............#.......
##...##.....###...#
##.#.........#.@#
#..#..>......!.##
#..#...........h.#
#....#..............#
.....#........#..g#...#
.#####........###.....#
.....##..## ##.....
#####....## .#.## ###...
. .


You could see a friendly hound (summoned).

Vanquished Creatures
  A dart slug (D:1)
  A rat (D:1)
2 creatures vanquished.

Vanquished Creatures (collateral kills)
  An adder (D:2)
  A worm (D:1)
  A dart slug (D:1)
  5 ball pythons (D:1)
  3 bats (D:1)
  4 endoplasms (D:1)
  A goblin (D:2)
  4 jackals (D:1)
  2 quokkas (D:1)
  3 frilled lizards (D:1)
  4 rats
29 creatures vanquished.

Grand Total: 31 creatures vanquished

Notes
Turn   | Place    | Note
-------+----------+-------------------------------------------
     0 | D:1      | ChadusMaximus the Deep Elf Summoner began the quest for the
                  | Orb.
     0 | D:1      | Reached XP level 1. HP: 10/10 MP: 6/6
   310 | D:1      | Reached XP level 2. HP: 7/15 MP: 2/8
   688 | D:1      | Reached skill level 5 in Summonings
  1432 | D:1      | Reached XP level 3. HP: 19/19 MP: 7/10
  1575 | D:1      | Learned a level 3 spell: Call Canine Familiar
  1689 | D:2      | Succumbed to an adder's poison

Illustrated notes

Levels and vault maps discovered:
D:1:      elethiomel_arrival_maze, layout_rooms, grunt_decor_mini_mirrors,
          nicolae_wormholes
D:2:      minmay_thinvault, layout_rooms, hellmonk_ecumenical_altar_dog_temple

Skill      XL: |  1  2 |
---------------+-------+-----
Summonings     | 5 |  5.4
Dodging        | |  2.4
Stealth        | |  2.4
Spellcasting   | |  3.9

Action                   || total
-------------------------++-------
Melee: Unarmed           ||    29
 Cast: Summon Small Mamm ||    41
       Call Canine Famil ||     1
  Use: Potion            ||     3
 Stab: Sleeping          ||     1
Armor: Robe              ||    14
Dodge: Dodged            ||    61
